 Dungeon Crawl Stone Soup version 0.31-a0-435-g2c6fae2916 (webtiles) character file.

Game seed: 3621283836492753799

149 Ethylacetat the Changeling (level 5, -1/35 HPs)
             Began as an Octopode Shapeshifter on Aug 1, 2023.
             Slain by an orc wizard
             ... wielding a +0 dagger
              (4 damage)
             ... on level 3 of the Dungeon.
             The game lasted 00:04:59 (2022 turns).

Ethylacetat the Changeling (Octopode Shapeshifter)  Turns: 2022, Time: 00:05:00

Health: -1/35      AC:  1    Str: 13 (15) XL:     5   Next: 31%
Magic:  5/5        EV: 13    Int:  8 (10) God:
Gold:   134        SH:  3    Dex: 12 (14) Spells: 4/4 levels left

rFire   . .          .
                       - Unarmed
rCold   . . .        k - +0 buckler
rNeg    . . .        (helmet currently unavailable)
rPois   .            (no amulet)
rElec   .            f - ring of flight
rCorr   .            (no ring)
SInv    .            (no ring)
Will    .....        (no ring)
Stlth   ++           (no ring)
HPRegen 0.25/turn    (no ring)
MPRegen 0.09/turn    (no ring)
                     (no ring)

%: no passive effects
@: beast-form, flying, hasted, very quick
A: beast (slay +2), almost no armour, amphibious, 8 rings, camouflage 1,
gelatinous body 1, (nimble swimmer 1), tentacles
a: Begin Untransformation


You were on level 3 of the Dungeon.
You were a hulking beast.
You visited 1 branch of the dungeon, and saw 3 of its levels.

You collected 134 gold pieces.

Inventory:

Missiles
 l - 2 throwing nets
Armour
 k - a +0 buckler (worn)
Jewellery
 f - a ring of flight (left tentacle)
Talismans
 b - a beast talisman (active)
 n - a serpent talisman
Scrolls
 a - a scroll of teleportation {unknown}
 g - 4 scrolls of identify {unknown}
 i - a scroll of poison {unknown}
 j - 2 scrolls of fog {unknown}
 m - a scroll of amnesia {unknown}


   Skills:
 + Level 2.5 Fighting
 - Level 2.5 Dodging
 + Level 3.9 Unarmed Combat
 * Level 3.9 Shapeshifting


You had 4 spell levels left.
You didn't know any spells.
Your spell library contained the following spells:

 Spells                   Type           Power      Damage    Failure   Level
 Freeze                   Ice            0%         1d3       52%         1
 Sting                    Tmut/Pois      0%         1d3       52%         1
 Poisonous Vapours        Pois/Air       0%         N/A       67%         2
 Frozen Ramparts          Ice            0%         1d1       88%         3
 Hailstorm                Conj/Ice       0%         3d3       88%         3
 Olgreb's Toxic Radiance  Pois           0%         N/A       99%         4
 Discord                  Hex            0%         N/A       100%        8
 Ignition                 Fire           0%         3d3       100%        8


Dungeon Overview and Level Annotations

Branches:
Dungeon (3/15)

Altars:
Okawaru


Innate Abilities, Weirdness & Mutations

You are a hulking beast.
Your limbs bulge with bestial killing power. (Slay +2)
You cannot wear most types of armour.
You are amphibious.
You can wear up to eight rings at the same time.
Your skin changes colour to match your surroundings (Stealth+).
Your rubbery body absorbs attacks. (AC +1, EV +1)
((You are camouflaged when in or above water. (Stealth+)))
You have tentacles for arms and can constrict up to eight enemies at once.


Message History

You are too injured to fight recklessly!
You are too injured to fight recklessly!
You are too injured to fight recklessly!
The orc wizard mumbles some strange words.
The orc wizard flickers and vanishes!
Deactivating autopickup; reactivate with Ctrl-A.
Items here: )))) [[ †††.
You miss something.
You hear some strange, mumbled words.
You are confused.
You're too confused to move!
Something hits you. Something hits you.
* * * LOW HITPOINT WARNING * * *
You hear some strange, mumbled words.
You are more confused.
Something hits you.
* * * LOW HITPOINT WARNING * * *
You miss something. Your squeeze misses something. Something hits you.
* * * LOW HITPOINT WARNING * * *
You bump into the rock wall.
Something hits you.
* * * LOW HITPOINT WARNING * * *
You feel better. Something hits you.
* * * LOW HITPOINT WARNING * * *
You closely miss something. You closely miss something. Something hits you.
* * * LOW HITPOINT WARNING * * *
You feel better. Something hits you.
* * * LOW HITPOINT WARNING * * *
You closely miss something. Your squeeze misses something. Something hits you.
* * * LOW HITPOINT WARNING * * *
You tentacle-slap something. Your squeeze misses something. Something hits you.
* * * LOW HITPOINT WARNING * * *
Okay, then.
It was a potion of haste.
You feel yourself speed up. Something hits you.
* * * LOW HITPOINT WARNING * * *
It was a potion of degeneration.
There was something very wrong with that liquid.
You feel weakened.
You feel dopey.
You feel clumsy. Something hits you.
You die...

...).....§≈....oo..#
.........≈≈........#
.........≈≈..♣♣♣♣..#
........§§≈..♣.....#
#........≈§..♣._...#
.............♣.....#
...................#
..............####?#
..............){h..#
..........##########
#........##
##......## ########


There were no monsters in sight!

Vanquished Creatures
  An orc priest (D:3)
  An orc wizard (D:3)
  Robin (D:2)
  A worm (D:2)
  3 dart slugs
  7 orcs (D:3)
  3 ball pythons
  3 endoplasms
  A giant cockroach (D:1)
  8 goblins
  8 hobgoblins
  2 jackals (D:1)
  6 kobolds
  4 quokkas
  7 bats
  3 frilled lizards (D:1)
  5 rats
64 creatures vanquished.

Notes
Turn   | Place    | Note
-------+----------+-------------------------------------------
     0 | D:1      | Ethylacetat the Octopode Shapeshifter began the quest for
                  | the Orb.
     0 | D:1      | Reached XP level 1. HP: 13/13 MP: 1/1
   110 | D:1      | Reached XP level 2. HP: 18/18 MP: 2/2
   376 | D:1      | Reached XP level 3. HP: 22/23 MP: 3/3
  1235 | D:2      | Noticed Robin
  1243 | D:2      | Killed Robin
  1244 | D:2      | Reached XP level 4. HP: 22/29 MP: 4/4
  1829 | D:3      | Reached XP level 5. HP: 18/35 MP: 5/5
  1993 | D:3      | Found an iron altar of Okawaru.
  2022 | D:3      | Slain by an orc wizard

Illustrated notes

Levels and vault maps discovered:
D:1:      minmay_arrival_four_circles, layout_basic, minmay_misc_feat_doors,
          nicolae_kite_square_tiling_tiny, minmay_ruptured
D:2:      layout_basic, uniq_robin
D:3:      layout_rooms, mainiacjoe_overflow_chevrons,
          shapermc_ecumenical_altar_pompeii

Skill      XL: |  1  2  3 |
---------------+----------+-----
Fighting       | 2 |  2.5
Dodging        | |  2.5
Unarmed Combat | |  3.9
Shapeshifting  | |  3.9

Action                     |  1- 3 |  4- 6 || total
---------------------------+-------+-------++-------
  Melee: Unarmed           |    66 |    55 ||   121
         Constrict         |    16 |     8 ||    24
         Tentacles         |    16 |     5 ||    21
         Punch             |     2 |     3 ||     5
    Use: Potion            |       |     6 ||     6
   Stab: Sleeping          |     9 |     1 ||    10
 Armour: Skin              |     4 |     7 ||    11
  Dodge: Dodged            |    27 |    16 ||    43
  Block: Buckler           |       |     4 ||     4

Table legend: (Time is in decaauts)
 A = Elapsed time spent in this place.
 B = Non-inter-level travel time spent in this place.
 C = Inter-level travel time spent in this place.
 D = Time resting spent in this place.
 E = Time spent auto-exploring this place.
 F = Levels seen in this place.
 G = Mean time per level.
                   A        B        C        D        E       F      G
               +--------+--------+--------+--------+--------+-----+--------+
         Total |   2015 |   2006 |      9 |    101 |   1512 |   3 |  671.7 |
       Dungeon |   2015 |   2006 |      9 |    101 |   1512 |   3 |  671.7 |
               +--------+--------+--------+--------+--------+-----+--------+

Top non-repeatable levels by time:
     D:1: 877 daAuts
     D:2: 841 daAuts
     D:3: 296 daAuts
